 Dungeon Crawl Stone Soup version 0.29.1-15-g9cfb28693d (webtiles) character file.

Game seed: 12681656190443907405

251 protoss039 the Digger (level 5, -1/41 HPs)
             Began as a Demonspawn Earth Elementalist on Mar 1, 2023.
             Slain by Grinder (2 damage)
             ... on level 3 of the Dungeon.
             The game lasted 00:05:50 (5220 turns).

protoss039 the Digger (DsEE)                        Turns: 5220, Time: 00:05:51

Health: -1/41      AC:  3    Str:  8    XL:     5   Next: 88%
Magic:  9/10       EV: 12    Int: 18    God:
Gold:   37         SH:  0    Dex: 14    Spells: 5/11 levels left

rFire   . . .      SeeInvis +   e - +10 rapier of the Blowfly {vamp, SInv}
rCold   . . .      Faith    .   (no shield)
rNeg    . . .      Spirit   .   a - +0 robe
rPois   .          Reflect  .   k - +0 helmet
rElec   .          Harm     .   (no cloak)
rCorr   .          Rampage  .   (no gloves)
Will    .....                   (no boots)
Stlth   ++........              (no amulet)
HPRegen 0.13/turn               (no ring)
MPRegen 0.12/turn               (no ring)

@: no status effects
A: spiny 1, sturdy frame 1, weakness stinger 1
a: no special abilities


You were on level 3 of the Dungeon.
You visited 1 branch of the dungeon, and saw 4 of its levels.

You collected 163 gold pieces.
You spent 126 gold pieces at shops.

Inventory:

Hand Weapons
 e - the +10 rapier of the Blowfly (weapon) {vamp, SInv}
   (You found it on level 3 of the Dungeon)

   It occasionally heals its wielder for a portion of the damage dealt when it
   wounds a living foe.
   SInv:      It lets you see invisible.
Armour
 a - a +0 robe (worn)
 k - a +0 helmet (worn)
 o - the +6 scale mail of the Constellations {+Inv Dex+4}
   (You found it on level 2 of the Dungeon)

   Dex:       It affects your dexterity (+4).
   +Inv:      It lets you turn invisible.
Wands
 j - a wand of digging (2)
Scrolls
 c - a scroll of vulnerability {unknown}
 d - a scroll of poison {unknown}
 g - 3 scrolls of teleportation
 i - a scroll of blinking {unknown}
 n - 2 scrolls of identify {unknown}
 p - a scroll of fear {unknown}
 r - a scroll of enchant armour {unknown}
 t - a scroll of magic mapping
Potions
 b - a potion of magic
 f - 2 potions of curing
 h - a potion of lignification {unknown}
 m - a potion of degeneration {unknown}
 q - 2 potions of heal wounds {unknown}
 s - 2 potions of ambrosia {unknown}


   Skills:
 + Level 3.1 Fighting
 - Level 1.7 Dodging
 - Level 1.7 Stealth
 + Level 3.6 Spellcasting
 - Level 0.8 Transmutations
 + Level 4.1 Earth Magic


You had 5 spell levels left.
You knew the following spells:

 Your Spells              Type           Power      Damage    Failure   Level
a - Sandblast             Erth           36%        2d10      2%          1
b - Passwall              Tmut/Erth      10%        N/A       9%          2
c - Stone Arrow           Conj/Erth      20%        3d8       21%         3

Your spell library contained the following spells:

 Spells                   Type           Power      Damage    Failure   Level
 Petrify                  Tmut/Erth      12%        N/A       50%         4
 Passage of Golubria      Tloc           3%         N/A       83%         4
 Silence                  Hex/Air        1%         N/A       99%         5
 Lehudib's Crystal Spear  Conj/Erth      5%         10d3      100%        8


Dungeon Overview and Level Annotations

Branches:
Dungeon (4/15) Zot: 18723
 Temple: D:4-7

Altars:
Dithmenos

Shops:
D:3 ?

Annotations:
D:2 Terence
D:3 Grinder


Innate Abilities, Weirdness & Mutations

You are partially covered in sharp spines.
Your movements are slightly less encumbered by armour. (ER -2)
You have a small tail.


Message History

Casting: Stone Arrow (quite dangerous; 21% risk of failure)
Confirm with . or Enter, or press ? or * to list all spells.
Aiming: Sandblast (safe; 2% risk of failure)
Press: ? - help, Shift-Dir - straight line, f - Grinder
Aim: Grinder (moderately wounded, 80% to hit)
The blast of sand misses Grinder.
Grinder gestures at you. You resist with significant effort.
Unknown command.
Casting: Sandblast (safe; 2% risk of failure)
Confirm with . or Enter, or press ? or * to list all spells.
Aiming: Sandblast (safe; 2% risk of failure)
Press: ? - help, Shift-Dir - straight line, f/p - Grinder
Aim: Grinder (moderately wounded, 80% to hit)
The blast of sand misses Grinder.
Grinder completely misses you.
Unknown command.
You puncture Grinder!
Grinder is heavily wounded.
Grinder gestures at you. Pain shoots through your body!
* * * LOW HITPOINT WARNING * * *
Grinder is struck by your spines. Grinder closely misses you.
Unknown command.
Unknown command.
You completely miss Grinder.
Grinder is heavily wounded.
Grinder is struck by your spines. Grinder hits you.
* * * LOW HITPOINT WARNING * * *
Unknown command.
Unknown command.
You puncture Grinder!
You tail-slap Grinder, but do no damage.
Grinder is severely wounded.
Grinder is struck by your spines. Grinder hits you but does no damage.
Unknown command.
Unknown command.
You barely miss Grinder.
Grinder is almost dead.
Grinder hits you.
You die...

#........ #.#######
#.# #.# #.# #
####.####### ######
#...........
#####....####
#.##.####..#
#<.##...##.@# #.##.#
#.#.. #...#...#.5.#
#.##.####.#.
##.'#...#..##
#.##.....###
#####.....#####
#.#######.#.
#.............####.#
##.#
#......⌠.).......<.#
#.#
#.............######
###.#
#####.....#####
#...# ##.'#...#'.##
#####.#.#


You could see Grinder.

Vanquished Creatures
  An orc priest (D:3)
  A hound (D:3)
  Jessica (D:3)
  Robin (D:1)
  A gnoll (D:1)
  5 adders
  A worm (D:3)
  3 dart slugs
  8 orcs
  11 endoplasms
  2 giant cockroaches
  12 goblins
  9 hobgoblins
  3 jackals (D:3)
  A quokka (D:1)
  7 ball pythons
  5 bats
  A frilled lizard (D:2)
  5 kobolds
  3 rats
81 creatures vanquished.

Notes
Turn   | Place    | Note
-------+----------+-------------------------------------------
     0 | D:1      | protoss039 the Demonspawn Earth Elementalist began the
                  | quest for the Orb.
     0 | D:1      | Reached XP level 1. HP: 13/13 MP: 3/3
   228 | D:1      | Found a faded altar of an unknown god.
   290 | D:1      | Gained mutation: You have a small tail. [demonic ancestry]
   290 | D:1      | Reached XP level 2. HP: 20/20 MP: 3/5
   654 | D:1      | Reached skill level 1 in Fighting
   754 | D:1      | Reached skill level 3 in Earth Magic
  1221 | D:1      | Gained mutation: Your movements are slightly less
                  | encumbered by armour. (ER -2) [demonic ancestry]
  1221 | D:1      | Reached XP level 3. HP: 16/26 MP: 0/6
  1644 | D:1      | Learned a level 2 spell: Passwall
  2129 | D:2      | Noticed Robin
  2661 | D:1      | Killed Robin
  2662 | D:1      | Gained mutation: You are partially covered in sharp spines.
                  | [demonic ancestry]
  2662 | D:1      | Reached XP level 4. HP: 20/33 MP: 3/8
  3038 | D:2      | Noticed Terence
  3041 | D:2      | Identified the +6 scale mail of the Constellations {+Inv
                  | Dex+4}
  3273 | D:2      | Learned a level 3 spell: Stone Arrow
  3411 | D:3      | Noticed Jessica
  3415 | D:3      | Killed Jessica
  3566 | D:3      | Found a shadowy altar of Dithmenos.
  3715 | D:3      | Found Iziuh's Magic Scroll Shoppe.
  3724 | D:3      | Bought a scroll of teleportation for 33 gold pieces
  3724 | D:3      | Bought a scroll of noise for 11 gold pieces
  3724 | D:3      | Bought a scroll of magic mapping for 82 gold pieces
  3846 | D:3      | Reached XP level 5. HP: 39/39 MP: 6/9
  4358 | D:3      | Identified the +10 rapier of the Blowfly {vamp, SInv}
  4838 | D:3      | Reached skill level 4 in Earth Magic
  5086 | D:4      | Noticed an ogre
  5207 | D:4      | Noticed Grinder
  5218 | D:3      | HP: 1/41 [Grinder (6)]
  5220 | D:3      | Slain by Grinder

Illustrated notes

Levels and vault maps discovered:
D:1:      spicycebolla_arrival_clurvy, layout_basic,
          shapermc_ecumenical_altar_starsandcircs, serial_forest,
          infiniplex_forest_clump_double, infiniplex_forest_corner_1,
          infiniplex_forest_lined_2, infiniplex_forest_clump_cross,
          infiniplex_forest_clump_large, infiniplex_forest_clump_large,
          chequers_serial_rivers_micro_b
D:2:      layout_basic, uniq_terence, uniq_robin
D:3:      minmay_inner_zag, layout_loops_ring, grunt_dithmenos_smoke,
          serial_shops, nicolae_shop_trees, grunt_ministairs_6, minivault_27,
          uniq_jessica
D:4:      layout_cave_pools, nicolae_overflow_quartered_altars,
          nicolae_yredelemnul_corpse_copse, mainiacjoe_overflow_tiny_flanked,
          hangedman_decor_slide_cut, corexii_checkpoint_b, uniq_grinder,
          uniq_ijyb

Skill      XL: |  1  2  3  4  5 |
---------------+----------------+-----
Fighting       | 1 2 3 |  3.1
Earth Magic    | 3 4 |  4.1
Spellcasting   | 3 |  3.6
Dodging        | |  1.7
Stealth        | |  1.7
Transmutations | |  0.8

Action                   |  1- 3 |  4- 6 || total
-------------------------+-------+-------++-------
Melee: Dagger            |     2 |    32 ||    34
       Tailslap          |     1 |     7 ||     8
       Rapier            |       |    13 ||    13
       Punch             |       |     1 ||     1
 Cast: Sandblast         |    50 |    46 ||    96
       Passwall          |       |     3 ||     3
  Use: Scroll            |       |     1 ||     1
       Potion            |       |     1 ||     1
 Stab: Sleeping          |       |     1 ||     1
Armor: Robe              |     9 |    13 ||    22
Dodge: Dodged            |    22 |    58 ||    80
